 Dungeon Crawl Stone Soup version 0.26-a0-1213-gd52f5182fe (webtiles) character file.

Game seed: 250480642960175397

82 tilp the Skirmisher (level 4, -5/50 HPs)
             Began as an Ogre Abyssal Knight on Dec 30, 2020.
             Was a Follower of Lugonu.
             Slain by an ogre
             ... wielding a +0 giant club
              (22 damage)
             ... on level 3 of the Dungeon.
             The game lasted 00:01:42 (2590 turns).

tilp the Skirmisher (Ogre Abyssal Knight)           Turns: 2590, Time: 00:01:43

Health: -5/50      AC:  3    Str: 16    XL:     4   Next: 43%
Magic:  5/5        EV: 10    Int: 14    God:    Lugonu [*.....]
Gold:   144        SH:  0    Dex:  8    Spells: 3/3 levels left

rFire    . . .     SeeInvis .   a - +1 mace
rCold    . . .     Faith    .   (no shield)
rNeg     . . .     Spirit   .   b - +0 robe
rPois    .         Reflect  .   (helmet restricted)
rElec    .         Harm     .   (no cloak)
rCorr    .         Rampage  .   (gloves unavailable)
Will     .....                  (boots unavailable)
Stlth    +.........             (no amulet)
HPRegen  0.16/turn              (no ring)
MPRegen  0.09/turn              (no ring)

@: no status effects
A: large, unfitting armour, tough skin 1
a: Renounce Religion, Depart the Abyss


You were on level 3 of the Dungeon.
You worshipped Lugonu.
Lugonu was aware of your devotion.
You visited 1 branch of the dungeon, and saw 3 of its levels.
You visited the Abyss 1 time.

You collected 144 gold pieces.

Inventory:

Hand Weapons
 a - a +1 mace (weapon)
 e - a cursed -3 whip
 n - a +0 morningstar
Missiles
 g - 3 stones (quivered)
Armour
 b - a +0 robe (worn)
Scrolls
 d - 2 scrolls of teleportation
 f - a scroll of identify
 j - 2 scrolls of immolation {unknown}
 k - a scroll of fog {unknown}
 m - a scroll of remove curse {unknown}
Potions
 c - a potion of ambrosia
 h - a potion of resistance
 i - a potion of haste
 l - a potion of cancellation {unknown}
 o - a potion of lignification {unknown}


   Skills:
 + Level 5.5 Fighting
 + Level 3.1 Maces & Flails
 - Level 2.1 Dodging
 - Level 2.0 Invocations


You had 3 spell levels left.
You didn't know any spells.
Your spell library was empty.

Dungeon Overview and Level Annotations

Branches:
Dungeon (3/15)

Altars:
Kikubaaqudgha


Innate Abilities, Weirdness & Mutations

You are too large for most types of armour.
You have tough skin. (AC +1)


Message History

No target in view!
You enter the shallow water.
Moving in this stuff is going to be slow.
You enter the shallow water.
Moving in this stuff is going to be slow.
You open the door.
An ogre comes into view. It is wielding a +0 giant club.
The ogre shouts!
An ogre is nearby!
You barely miss the ogre. The ogre hits you but does no damage.
You hit the ogre but do no damage.
The ogre hits you with a +0 giant club!!
You hit the ogre.
The ogre is lightly wounded.
The ogre hits you with a +0 giant club!
* * * LOW HITPOINT WARNING * * *
Unknown command.
There is a shaft here.
The ogre hits you with a +0 giant club!!
You die...

### #.# #.# #.#
#.##########
##########...........
#.......##.##########
#.......##.#####
#...@O.........#
####..^........#
#...........######
+.................
#............#####
#######............#####
......'......(..........
#######..............###
#..............#


You could see an ogre.

Vanquished Creatures
  An orc wizard (D:3)
  2 adders
  A dart slug (D:3)
  A leopard gecko (D:1)
  5 orcs (D:3)
  2 giant cockroaches
  A goblin (D:1)
  2 hobgoblins (D:1)
  2 jackals (D:1)
  4 bats
  4 frilled lizards
  A kobold (D:1)
  4 rats
30 creatures vanquished.

Notes
Turn   | Place    | Note
-------+----------+-------------------------------------------
     0 | Abyss:1  | tilp the Ogre Abyssal Knight began the quest for the Orb.
     0 | Abyss:1  | Reached XP level 1. HP: 24/24 MP: 2/2
    28 | Abyss:1  | Noticed an iron imp
    28 | Abyss:1  | Noticed a titan skeleton
    32 | D:1      | Escaped the Abyss
   410 | D:1      | Reached * piety under Lugonu
   411 | D:1      | Reached XP level 2. HP: 23/33 MP: 3/3
  1173 | D:2      | Found an ancient bone altar of Kikubaaqudgha.
  1504 | D:2      | Reached XP level 3. HP: 17/41 MP: 4/4
  1931 | D:3      | Reached skill level 5 in Fighting
  1931 | D:3      | Reached XP level 4. HP: 46/50 MP: 5/5
  2579 | D:3      | Noticed an ogre
  2590 | D:3      | Slain by an ogre

Illustrated notes

Levels and vault maps discovered:
D:1:      tarquinn_simple_flora_water_d, layout_basic
D:2:      layout_rooms, nicolae_overflow_crystal_walls
D:3:      layout_basic, lemuel_coloured_pillars_altar,
          amethyst_overflow_temple_binary, serial_rivers,
          chequers_serial_rivers_marsh, chequers_serial_rivers_micro_e,
          chequers_serial_rivers_small_a, chequers_serial_rivers_small_3

Skill      XL: |  1  2  3 |
---------------+----------+-----
Maces & Flails | 2 3 |  3.1
Fighting       | 5 |  5.5
Dodging        | |  2.1
Invocations    | |  2.0

Action                   |  1- 3 |  4- 6 || total
-------------------------+-------+-------++-------
Melee: Mace              |    59 |    27 ||    86
Invok: Depart the Abyss  |     1 |       ||     1
  Use: Scroll            |     4 |       ||     4
Armor: Robe              |    16 |    14 ||    30
Dodge: Dodged            |    39 |    12 ||    51

Table legend: (Time is in decaauts)
 A = Elapsed time spent in this place.
 B = Non-inter-level travel time spent in this place.
 C = Inter-level travel time spent in this place.
 D = Time resting spent in this place.
 E = Time spent auto-exploring this place.
 F = Levels seen in this place.
 G = Mean time per level.
                   A        B        C        D        E       F      G
               +--------+--------+--------+--------+--------+-----+--------+
         Total |   2619 |   2595 |     24 |    486 |   1886 |   4 |  654.8 |
       Dungeon |   2587 |   2563 |     24 |    486 |   1871 |   3 |  862.3 |
         Abyss |     32 |     32 |      0 |      0 |     15 |   1 |   32.0 |
               +--------+--------+--------+--------+--------+-----+--------+

Top non-repeatable levels by time:
     D:1: 1086 daAuts
     D:2: 783 daAuts
     D:3: 718 daAuts
 Abyss:1: 32 daAuts
